 Dungeon Crawl Stone Soup version 0.23.2-33-g5129a83184 (webtiles) character file.

Game seed: 11798607718839876580

25 psyvane the Vexing (level 3, 0/20 HPs)
             Began as a Kobold Arcane Marksman on July 6, 2019.
             Slain by an adder (3 damage)
             ... on level 2 of the Dungeon.
             The game lasted 00:03:22 (953 turns).

psyvane the Vexing (Kobold Arcane Marksman)          Turns: 953, Time: 00:03:22

Health: 0/20       AC:  2    Str: 13    XL:     3   Next: 17%
Magic:  3/4        EV: 21    Int: 14    God:
Gold:   87         SH:  0    Dex: 25    Spells: 1/4 levels left

rFire    . . .     SeeInvis .   c - +0 short sword
rCold    . . .     Gourm    .   (shield restricted)
rNeg     . . .     Faith    .   e - +0 robe
rPois    .         Spirit   .   (no helmet)
rElec    .         Reflect  .   (no cloak)
rCorr    .         Harm     .   (no gloves)
MR       .....                  (no boots)
Stlth    ++++......             (no amulet)
HPRegen  0.06/turn              b - +5 ring of dexterity
MPRegen  0.09/turn              (no ring)

@: mighty, agile
A: small, carnivore
a: no special abilities


You were on level 2 of the Dungeon.
You were not hungry.

You visited 1 branch of the dungeon, and saw 2 of its levels.

You collected 87 gold pieces.

Inventory:

Hand Weapons
 a - a +0 hand crossbow
 c - a +0 short sword (weapon)
Missiles
 d - 20 bolts
Armour
 e - a +0 robe (worn)
Jewellery
 b - a +5 ring of dexterity (left hand)
 i - an uncursed ring of flight {unknown}
 p - a +2 amulet of reflection {unknown}
Scrolls
 g - a scroll of enchant armour {unknown}
 j - a scroll of fear {unknown}
 k - 5 scrolls of identify {unknown}
 m - 2 scrolls of immolation {unknown}
 o - a scroll of noise {unknown}
 q - a scroll of blinking {unknown}
 r - a scroll of remove curse {unknown}
Potions
 n - a potion of lignification {unknown}
Comestibles
 f - 4 rations


   Skills:
 - Level 1.1 Fighting
 * Level 2.1 Short Blades
 - Level 2.4 Crossbows
 - Level 2.4 Dodging
 * Level 2.2 Stealth
 - Level 1.3 Spellcasting
 - Level 3.1 Hexes


You had one spell level left.
You knew the following spells:

 Your Spells              Type           Power        Failure   Level  Hunger
a - Corona                Hex            #......      7%          1    ##.....
b - Slow                  Hex            #.......     11%         2    ###....

Your spell library contained the following spells:

 Spells                   Type           Power        Failure   Level  Hunger
 Inner Flame              Hex/Fire       #.......     38%         3    ####...
 Portal Projectile        Hex/Tloc       #.....       38%         3    ####...
 Cause Fear               Hex            #.........   56%         4    #####..
 Leda's Liquefaction      Hex/Erth       #.........   80%         4    #####..


Dungeon Overview and Level Annotations

Branches:
Dungeon (2/15)

Altars:


Innate Abilities, Weirdness & Mutations

You are small and have problems with some larger weapons.
You are carnivorous and can eat meat at any time.


Message History

The adder is heavily wounded.
The adder closely misses you. The adder misses you.
You miss the adder.
The adder is heavily wounded.
The adder is no longer moving slowly.
The adder bites you.
* * * LOW HITPOINT WARNING * * *
The adder misses you.
You closely miss the adder.
The adder is heavily wounded.
The adder misses you. The adder barely misses you.
The adder closely misses you.
You closely miss the adder.
The adder is heavily wounded.
The adder bites you.
* * * LOW HITPOINT WARNING * * *
The adder closely misses you.
It was a potion of agility.
You feel agile all of a sudden. The adder closely misses you.
The adder bites you.
You die...

#.♣ . #.#♣. #.#..
##### #.#.# #..(♣#♣#
#.#.# ##.♣.....
#####.#.# #........
#....S#.######.♣..♣.♣.
#. #.@S......†.#.S....
#. #.##.##.####♣..♣.♣.
#.##.##.##.# #......
#.......##.# #♣.....
#..........## ##♣.♣# .
#.#.........# #.#
...#.#.............
...
........###..#.####
♣♣♣ ...#.#.<# #..#>#


You could see 2 adders.

Vanquished Creatures
  An adder (D:2)
  A dart slug (D:1)
  2 bats (D:1)
  A goblin (D:1)
  A hobgoblin (D:1)
  3 kobolds (D:1)
  3 frilled lizards (D:1)
  3 rats (D:1)
15 creatures vanquished.

Notes
Turn   | Place    | Note
-------+----------+-------------------------------------------
     0 | D:1      | psyvane the Kobold Arcane Marksman began the quest for the
                  | Orb.
     0 | D:1      | Reached XP level 1. HP: 12/12 MP: 2/2
   402 | D:1      | Reached skill level 1 in Stealth
   402 | D:1      | Reached XP level 2. HP: 16/16 MP: 3/3
   406 | D:1      | Learned a level 2 spell: Slow
   474 | D:1      | Reached skill level 1 in Short Blades
   937 | D:2      | Reached XP level 3. HP: 8/20 MP: 4/4
   953 | D:2      | Slain by an adder

Skill      XL: |  1  2 |
---------------+-------+-----
Stealth        | 1 2 |  2.2
Short Blades   | 2 |  2.1
Fighting       | |  1.1
Crossbows      | |  2.4
Dodging        | |  2.4
Spellcasting   | |  1.3
Hexes          | |  3.1

Action                   || total
-------------------------++-------
Melee: Short sword       ||    59
 Fire: Hand crossbow     ||     3
 Cast: Slow              ||     1
  Use: Potion            ||     2
 Stab: Sleeping          ||     3
  Eat: Chunk             ||     1
Armor: Robe              ||    12
Dodge: Dodged            ||    61
